 Dungeon Crawl Stone Soup version 0.21-a0-201-g8501b10 (webtiles) character file.

220606 Azzok the Tortoise (level 19, -7/168 HPs)
             Began as a Hill Orc Fighter on Aug 18, 2017.
             Was the Champion of Okawaru.
             Killed from afar by Nikola (23 damage)
             ... with a chain lightning
             ... on level 4 of the Snake Pit.
             The game lasted 01:42:22 (41196 turns).

Azzok the Tortoise (Hill Orc Fighter)              Turns: 41196, Time: 01:42:23

Health: -7/168     AC: 47    Str: 21    XL:     19   Next: 18%
Magic:  25/32      EV:  8    Int: 19    God:    Okawaru [******]
Gold:   3028       SH: 22    Dex: 16    Spells: 25/36 levels left

rFire    + + .     SeeInvis .   a - +2 hand axe (elec)
rCold    + . .     Gourm    .   l - +1 shield of the Evening Star {rPois rF++ Str-5 Dex+4}
rNeg     + . .     Faith    .   u - +8 orange crystal plate armour {Archmagi, Int+3 Clar}
rPois    +         Spirit   .   N - +2 helmet
rElec    .         Reflect  +   y - +0 cloak
rCorr    .         Harm     .   q - +1 pair of gloves {Str+3}
MR       ++...     Clarity  +   A - +0 pair of boots
Stlth    ..........             M - +5 amulet of reflection
HPRegen  0.38/turn              d - ring of protection from cold
MPRegen  0.23/turn              m - ring "Dexesis" {rN+ MR+ Int+4 Dex+2}

@: heroism, finesse, drained
A: no striking features
}: 1/15 runes: decaying
a: Heroism, Finesse, Renounce Religion


You were on level 4 of the Snake Pit.
You worshipped Okawaru.
Okawaru was exalted by your worship.
You were hungry.

You visited 6 branches of the dungeon, and saw 32 of its levels.
You also visited: Labyrinth and Ice Cave.

You collected 3392 gold pieces.
You spent 364 gold pieces at shops.

Inventory:

Hand Weapons
 a - a +2 hand axe of electrocution (weapon)
 b - a +2 broad axe of flaming
Armour
 l - the +1 shield of the Evening Star (worn) {rPois rF++ Str-5 Dex+4}
   (You bought it in a shop on level 1 of the Orcish Mines)

   It affects your strength (-5).
   It affects your dexterity (+4).
   It greatly protects you from fire.
   It protects you from poison.
 q - a +1 pair of gloves of strength (worn)
 u - the +8 orange crystal plate armour (worn) {Archmagi, Int+3 Clar}
   (You found it on level 5 of the Dungeon)

   It affects your intelligence (+3).
   It protects you against confusion.
 w - a +0 helmet of intelligence
 y - a +0 cloak (worn)
 A - a +0 pair of boots (worn)
 N - a +2 helmet (worn)
Jewellery
 d - a ring of protection from cold (left hand)
 m - the ring "Dexesis" (right hand) {rN+ MR+ Int+4 Dex+2}
   (You took it off a minotaur in a labyrinth)

   [ring of protection from magic]

   It affects your intelligence (+4).
   It affects your dexterity (+2).
   It protects you from negative energy.
   It affects your resistance to hostile enchantments.
 H - an uncursed ring of protection from fire
 M - a +5 amulet of reflection (around neck)
 P - an uncursed ring of see invisible
Wands
 c - a wand of paralysis (13/24)
Scrolls
 e - 20 scrolls of remove curse
 k - 12 scrolls of teleportation
 E - 3 scrolls of magic mapping
 F - a scroll of blinking
 I - a scroll of enchant weapon
 K - 2 scrolls of fog
 S - 6 scrolls of fear {unknown}
 T - 4 scrolls of immolation {unknown}
 U - a scroll of holy word {unknown}
 Y - 3 scrolls of torment {unknown}
Potions
 g - 6 potions of heal wounds
 h - 3 potions of flight {unknown}
 n - 6 potions of lignification {unknown}
 o - 5 potions of invisibility {unknown}
 p - 7 potions of brilliance {unknown}
 r - 11 potions of curing
 s - 5 potions of haste {unknown}
 t - 3 potions of agility
 v - 6 potions of degeneration {unknown}
 x - a potion of magic {unknown}
 z - 2 potions of cancellation {unknown}
 B - 3 potions of ambrosia {unknown}
 C - a potion of berserk rage {unknown}
 L - a potion of might
 W - a potion of mutation {unknown}
Books
 D - a book of Fire

   Spells                             Type                      Level
   a - Ignite Poison                  Fire/Transmutation/Poison    3
   b - Fireball                       Conjuration/Fire             5
   c - Bolt of Fire                   Conjuration/Fire             6
   d - Ring of Flames                 Charms/Fire                  7
   e - Ignition                       Fire                         8
Comestibles
 f - 15 bread rations
 i - 18 royal jellies
 j - 17 meat rations
 G - 14 fruits


   Skills:
 - Level 14.4(19.3) Fighting
 - Level 14.0(18.9) Axes
 + Level 17.5(22.4) Armour
 - Level 15.3(20.2) Shields
 + Level 9.0(8.9) Spellcasting
 + Level 10.3 Conjurations
 + Level 9.4(9.3) Necromancy
 + Level 11.0(10.9) Fire Magic
 - Level 9.0(8.9) Invocations


You had 25 spell levels left.
You knew the following spells:

 Your Spells              Type           Power        Failure   Level  Hunger
a - Conjure Flame         Conj/Fire      ######..     5%          3    None
b - Fireball              Conj/Fire      ######....   43%         5    #####..
c - Regeneration          Chrm/Necr      #####.....   52%         3    None


Dungeon Overview and Level Annotations

Branches:
Dungeon (15/15)            Temple (1/1) D:7            Lair (6/6) D:10
  Swamp (4/4) Lair:4        Snake (4/4) Lair:3        Slime (0/5) Lair:5
    Orc (2/2) D:11            Elf (0/3) Orc:2        Vaults (0/5) D:13
 Depths (0/5) D:15

Altars:
Ashenzari
Elyvilon
Fedhas
Gozag
Hepliaklqana
Kikubaaqudgha
Makhleb
Nemelex Xobeh
Okawaru
Qazlal
Ru
Sif Muna
Trog
Uskayaw
Wu Jian
Xom
Yredelemnul
Zin
The Shining One
Beogh
Jiyva

Shops:
D:5 :   D:10 }   D:14 !***   Orc:1 *   Orc:2 [([%   Snake:2 (

Portals:
Hell: Lair:6

Annotations:
Swamp:4 Lernaean hydra
Snake:4 Nikola


Message History

You slash Nikola!
Nikola is lightly wounded.
You hit Nikola but do no damage.
Nikola is lightly wounded.
You are feeling hungry.
You slash Nikola!
Nikola is lightly wounded.
You block Nikola's attack.
You hit Nikola. Lightning courses through Nikola!
Nikola is moderately wounded.
You hit Nikola. Lightning courses through Nikola!
Nikola is moderately wounded.
You hit Nikola but do no damage.
Nikola is moderately wounded.
Nikola gestures wildly while chanting.
You hear a mighty clap of thunder!
The lightning arc hits you!
* * * LOW HITPOINT WARNING * * *
The lightning arc hits Nikola.
The lightning arc hits you!
You die...

·············▒
·▒·····▒▒
············<··
·▒▒▒···▒▒
···············
·▒▒▒▒··▒▒
······ ▒▒^·▒▒▒
······ ▒▒··▒▒
[····· ▒▒··▒▒
······ ▒▒··▒▒
·····
▒▒▒▒▒▒▒··▒▒
···· ······@@·▒
···· ········▒▒
▒▒▒ ·······▒▒
▒▒▒▒▒▒▒


You could see Nikola.

Vanquished Creatures
  Vashnia (Snake:3)
  Rupert (D:14)
  Asterion (Snake:2)
  Frances (D:13)
  A thorn hunter (Swamp:2)
  Kirke (D:14)
  Agnes (Snake:3)
  Donald (Snake:2)
  3 nagarajas
  Roxanne (Swamp:1)
  Louise (Swamp:4)
  2 orc warlords (Orc:1)
  Aizul (Snake:2)
  A stone giant (D:14)
  Azrael (Snake:1)
  2 dire elephants (Lair:6)
  An ettin (D:12)
  A minotaur (Lab)
  A fire dragon (D:15)
  A yaktaur captain (D:14)
  Josephine (Lair:5)
  2 ice dragons (IceCv)
  The ghost of Yermak the Martial Artist, a journeyman GnTm of Cheibriados (D:10)
  18 hydras
  A ghost crab (Swamp:4)
  12 naga warriors
  2 centaur warriors
  6 alligators
  The ghost of Duffy the Jinx, a journeyman SpEn of Kikubaaqudgha (Lair:3)
  13 two-headed ogres
  8 anacondas
  An ogre mage (D:15)
  Urug (D:14)
  16 death yaks
  16 naga sharpshooters
  3 shock serpents
  A sun demon (Lair:6)
  An iron troll (D:13)
  4 salamander mystics
  7 unseen horrors
  8 sea snakes (Snake:3)
  A spriggan druid (Swamp:3)
  6 naga ritualists
  9 swamp dragons
  A wizard (Lair:6)
  2 shambling mangroves
  2 orc knights
  11 mana vipers
  3 deep elf magi
  3 cyclopes
  2 manticores
  12 ugly things
  6 elephants (Lair:3)
  6 orc sorcerers
  15 salamanders
  28 black mambas
  21 naga magi
  5 guardian serpents
  2 ice statues (IceCv)
  The ghost of Television the Charlatan, a novice FoAr (D:15)
  2 gargoyles (D:13)
  16 spiny frogs
  7 komodo dragons
  3 rime drakes
  3 freezing wraiths
  A hellwing (Lair:6)
  2 ice devils (Lair:6)
  2 trolls
  3 red devils (Lair:6)
  The ghost of Yermak the Skirmisher, an amateur GnTm (D:4)
  A jumping spider (shapeshifter) (D:14)
  6 tyrant leeches
  3 polar bears (D:12)
  6 hornets
  9 blink frogs
  Grinder (D:4)
  23 slime creatures
  8 hippogriffs
  4 bog bodies
  15 dream sheep
  A meliai zombie (D:11)
  30 yaks
  7 wraiths
  2 spriggans (Swamp:3)
  A fire elemental (Snake:1)
  2 water elementals (D:12)
  4 hungry ghosts (Lab)
  3 steam dragons
  4 wyverns
  A hog (D:14)
  14 vampire mosquitoes
  10 basilisks
  A hog (shapeshifter) (D:13)
  2 chaos spawn (D:9)
  2 wargs (Orc:1)
  13 insubstantial wisps
  17 water moccasins
  66 nagas
  23 swamp worms
  Duvessa (D:7)
  10 hell hounds
  3 porcupines
  8 swamp drakes
  41 orc warriors
  25 ice beasts
  4 sky beasts
  4 black bears
  10 ogres
  A hornet zombie (D:15)
  A necrophage (D:12)
  2 phantoms
  3 centaurs
  31 wolves
  12 crocodiles
  6 big kobolds
  Blork the orc (D:4)
  22 bullfrogs
  Dowan (D:7)
  5 scorpions
  9 killer bees
  5 electric eels
  6 wights
  3 howler monkeys (D:10)
  2 jellies
  4 centaur zombies
  8 crimson imps
  7 hounds
  3 bullfrog zombies
  34 orc priests
  Crazy Yiuf (D:6)
  A bullfrog skeleton (D:12)
  34 orc wizards
  5 centaur skeletons
  4 iguanas
  14 worker ants
  A bullfrog simulacrum (D:12)
  2 hound zombies
  A worker ant zombie (D:10)
  Robin (D:3)
  14 adders
  7 shadow imps
  4 white imps (D:12)
  An ufetubus (D:12)
  An ooze (D:3)
  An adder skeleton (D:5)
  12 worms
  5 leopard geckos
  124 orcs
  4 bats
  9 giant cockroaches
  12 goblins
  10 hobgoblins
  11 jackals
  16 kobolds
  5 quokkas
  4 ball pythons
  8 frilled lizards
  A quokka skeleton (D:4)
  6 rats
  A fungus (Lair:5)
  5 plants
1199 creatures vanquished.

Vanquished Creatures (others)
  3 naga sharpshooters
  A swamp dragon (Swamp:4)
  A cyclops (D:14)
  A naga mage (Snake:4)
  2 blink frogs (Swamp:4)
  2 nagas
  2 centaurs
  A hound (D:12)
  5 fungi
  3 plants (Lair:6)
21 creatures vanquished.

Grand Total: 1220 creatures vanquished

Notes
Turn   | Place    | Note
-------+----------+-------------------------------------------
     0 | D:1      | Azzok the Hill Orc Fighter began the quest for the Orb.
     0 | D:1      | Reached XP level 1. HP: 19/19 MP: 1/1
   163 | D:1      | Reached XP level 2. HP: 24/27 MP: 2/2
   405 | D:1      | Reached XP level 3. HP: 29/35 MP: 3/3
   513 | D:2      | Reached skill level 5 in Fighting
  1028 | D:2      | Reached XP level 4. HP: 37/44 MP: 4/4
  1449 | D:3      | Noticed Robin
  1504 | D:3      | Killed Robin
  1504 | D:3      | Reached XP level 5. HP: 6/51 MP: 5/5
  1854 | D:3      | Found an opulent altar of Gozag.
  1873 | D:3      | Noticed a centaur
  1892 | D:3      | Killed a centaur
  2100 | D:4      | Reached XP level 6. HP: 26/61 MP: 6/6
  2680 | D:4      | Noticed Yermak's ghost (amateur GnTm)
  2708 | D:4      | Killed Yermak's ghost
  2708 | D:4      | Reached skill level 5 in Axes
  2708 | D:4      | Reached XP level 7. HP: 31/69 MP: 7/7
  2889 | D:4      | Found a white marble altar of Elyvilon.
  3123 | D:4      | Noticed Grinder
  3145 | D:4      | Killed Grinder
  3145 | D:4      | Reached XP level 8. HP: 68/79 MP: 8/8
  3212 | D:4      | Noticed Blork the orc
  3212 | D:4      | Reached skill level 10 in Fighting
  3252 | D:4      | Killed Blork the orc
  3542 | D:4      | Noticed a two-headed ogre
  3559 | D:4      | Killed a two-headed ogre
  3559 | D:4      | Reached XP level 9. HP: 33/89 MP: 9/9
  3917 | D:4      | Found a shattered altar of Ashenzari.
  3960 | D:4      | Reached skill level 10 in Axes
  4138 | D:5      | Entered Level 5 of the Dungeon
  4366 | D:5      | Found a sacrificial altar of Ru.
  4811 | D:5      | Found the +8 orange crystal plate armour {Archmagi, Int+3 Clar}
  4848 | D:5      | Found Lualunt's Book Boutique.
  5210 | D:6      | Found a runed door.
  5214 | D:6      | Noticed Crazy Yiuf
  5222 | D:6      | Killed Crazy Yiuf
  5611 | D:6      | Found a stormy altar of Qazlal.
  5886 | D:6      | Reached skill level 4 in Armour
  6029 | D:7      | Found a deep blue altar of Sif Muna.
  6093 | D:7      | Reached XP level 10. HP: 97/97 MP: 10/10
  6333 | D:7      | Noticed Duvessa
  6334 | D:7      | Noticed Dowan
  6360 | D:7      | Killed Duvessa
  6360 | D:7      | Reached skill level 5 in Shields
  6372 | D:7      | Killed Dowan
  6478 | D:7      | Found an ornate altar of the Wu Jian Council.
  6704 | D:7      | Found a staircase to the Ecumenical Temple.
  6713 | Temple   | Entered the Ecumenical Temple
  6718 | Temple   | Became a worshipper of Warmaster Okawaru
  6819 | D:8      | Reached skill level 5 in Armour
  7154 | D:8      | Reached * piety under Okawaru
  7190 | D:8      | Noticed a three-headed hydra
  7197 | D:8      | Killed a one-headed hydra
  7197 | D:8      | Reached skill level 6 in Armour
  7257 | D:8      | You fall through a shaft!
  7464 | D:9      | Noticed an angel
  7466 | D:9      | Found a glowing silver altar of Zin.
  7475 | D:9      | Found a shimmering altar of Xom.
  7687 | D:8      | Reached ** piety under Okawaru
  7829 | D:8      | Noticed a two-headed ogre
  7841 | D:8      | Killed a two-headed ogre
  7841 | D:8      | Reached XP level 11. HP: 103/107 MP: 11/11
  8048 | D:9      | Reached *** piety under Okawaru
  8072 | D:9      | Found a shimmering altar of Xom.
  8077 | D:9      | Found the +15 mace of Variability {chaos}
  8298 | D:10     | Entered Level 10 of the Dungeon
  8391 | D:10     | Reached skill level 7 in Armour
  8391 | D:10     | Reached skill level 1 in Invocations
  8657 | D:10     | Reached **** piety under Okawaru
  8839 | D:10     | Found Lustrudun's Quality Used Wands.
  8902 | D:10     | Got a faintly humming leather armour
  8911 | D:10     | Noticed Yermak's ghost (journeyman GnTm)
  8964 | D:10     | Killed Yermak's ghost
  8989 | D:10     | Noticed a death yak
  8989 | D:10     | Noticed a death yak
  8990 | D:10     | Noticed a death yak
  9022 | D:9      | Killed a death yak
  9022 | D:9      | Reached ***** piety under Okawaru
  9260 | D:10     | Killed a death yak
  9287 | D:10     | Killed a death yak
  9287 | D:10     | Reached skill level 8 in Armour
  9641 | D:10     | Found a staircase to the Lair.
  9686 | D:10     | Noticed a manticore
  9700 | D:10     | Killed a manticore
  9700 | D:10     | Received a gift from Okawaru
  9700 | D:10     | Reached XP level 12. HP: 93/117 MP: 15/15
  9905 | D:10     | Found a roughly hewn altar of Beogh.
  9934 | D:10     | Reached skill level 5 in Invocations
 10526 | D:11     | Noticed a centaur warrior
 10551 | D:11     | Killed a centaur warrior
 10608 | D:11     | Reached skill level 9 in Armour
 10662 | D:11     | Found a staircase to the Orcish Mines.
 10692 | D:11     | Noticed a two-headed ogre
 10698 | D:11     | Killed a two-headed ogre
 11115 | D:12     | Found a frozen archway.
 11233 | D:12     | Reached skill level 1 in Spellcasting
 11250 | IceCv    | Entered an ice cave
 11513 | IceCv    | Received a gift from Okawaru
 12088 | IceCv    | Noticed an ice dragon
 12089 | IceCv    | Noticed an ice dragon
 12113 | IceCv    | Killed an ice dragon
 12139 | IceCv    | Killed an ice dragon
 12139 | IceCv    | Reached XP level 13. HP: 110/125 MP: 18/18
 12259 | D:12     | Identified the +2 leather armour of Wedde {rC- Dex+6} (You found it on level 10 of the Dungeon)
 12339 | D:12     | Reached skill level 10 in Armour
 12348 | D:12     | Found a blossoming altar of Fedhas.
 12357 | D:12     | Reached skill level 10 in Shields
 13245 | D:12     | Received a gift from Okawaru
 14030 | D:13     | Learned a level 3 spell: Conjure Flame
 14102 | D:13     | Noticed Frances
 14121 | D:13     | Killed Frances
 14121 | D:13     | Reached skill level 1 in Conjurations
 14121 | D:13     | Reached skill level 1 in Fire Magic
 14544 | D:13     | Noticed an ettin
 14567 | D:12     | Killed an ettin
 14567 | D:12     | Reached skill level 11 in Armour
 14921 | Lair:1   | Entered Level 1 of the Lair of Beasts
 15367 | Lair:1   | Received a gift from Okawaru
 15645 | Lair:1   | Found an ornate altar of the Wu Jian Council.
 15862 | Lair:1   | Reached XP level 14. HP: 132/133 MP: 20/20
 15955 | Lair:1   | Got an ichor-stained leather armour
 16251 | Lair:2   | Learned a level 5 spell: Fireball
 16742 | Lair:3   | Found a staircase to the Snake Pit.
 16863 | Lair:3   | Noticed Duffy's ghost (journeyman SpEn)
 16880 | Lair:3   | Killed Duffy's ghost
 17657 | Lair:4   | Reached skill level 5 in Spellcasting
 17689 | Lair:4   | Found a labyrinth entrance.
 17707 | Lab      | Entered a labyrinth
 17748 | Lab      | Reached skill level 5 in Fire Magic
 18170 | Lab      | Got a flickering bronze ring
 18185 | Lab      | Identified the Papyrus of Good Luck
 18207 | Lair:4   | Learned a level 3 spell: Regeneration
 18220 | Lair:4   | Found a staircase to the Swamp.
 18253 | Lair:4   | Identified the ring "Dexesis" {rN+ MR+ Int+4 Dex+2} (You took it off a minotaur in a labyrinth)
 18284 | Lair:4   | Reached ****** piety under Okawaru
 18433 | Lair:4   | Received a gift from Okawaru
 18454 | Lair:4   | Reached skill level 12 in Armour
 19445 | Lair:5   | Noticed Josephine
 19464 | Lair:5   | Killed Josephine
 19473 | Lair:5   | Received a gift from Okawaru
 19562 | Lair:5   | Reached skill level 13 in Armour
 19658 | Lair:5   | Found a staircase to the Slime Pits.
 19659 | Lair:5   | Found a viscous altar of Jiyva.
 19686 | Lair:5   | Reached XP level 15. HP: 117/139 MP: 22/22
 20107 | Lair:6   | Entered Level 6 of the Lair of Beasts
 20597 | Lair:6   | Received a gift from Okawaru
 20852 | Lair:6   | Found a burning altar of Makhleb.
 20898 | Lair:6   | Reached skill level 14 in Armour
 20931 | Lair:6   | HP: 6/139 [poisoned by a red devil]
 20936 | Lair:6   | HP: 5/139 [poisoned by a red devil]
 20943 | Lair:6   | HP: 4/139 [poisoned by a red devil]
 20950 | Lair:6   | HP: 4/139 [poisoned by a red devil]
 20958 | Lair:6   | HP: 5/139 [poisoned by a red devil]
 21378 | Lair:6   | Found a gateway to Hell.
 22340 | Orc:1    | Entered Level 1 of the Orcish Mines
 22344 | Orc:1    | Found Sugur's Assorted Antiques.
 22369 | Orc:1    | Bought a crude shield for 266 gold pieces
 22369 | Orc:1    | Bought a leather armour for 56 gold pieces
 22395 | D:11     | Identified the +1 shield of the Evening Star {rPois rF++ Str-5 Dex+4} (You bought it in a shop on level 1 of the Orcish Mines)
 22802 | Orc:2    | Entered Level 2 of the Orcish Mines
 22802 | Orc:2    | Found a staircase to the Elven Halls.
 22814 | Orc:2    | Noticed an orc warlord
 22852 | Orc:1    | Killed an orc warlord
 23454 | Orc:2    | Noticed an orc warlord
 23520 | Orc:1    | Killed an orc warlord
 23741 | Orc:2    | Found a roughly hewn altar of Beogh.
 23741 | Orc:2    | Found Mubeydi's Antique Armour Shop.
 23916 | Orc:2    | Found a roughly hewn altar of Beogh.
 23970 | Orc:2    | Found a roughly hewn altar of Beogh.
 23972 | Orc:2    | Found Gefux's Food Shoppe.
 23982 | Orc:2    | Received a gift from Okawaru
 24247 | Orc:2    | Found a roughly hewn altar of Beogh.
 24432 | Orc:2    | Found Laenuup's Antique Weapon Boutique.
 24433 | Orc:2    | Found a roughly hewn altar of Beogh.
 24437 | Orc:2    | Found Zyllorgh's Antique Armour Shop.
 24495 | Orc:2    | Found a roughly hewn altar of Beogh.
 24888 | D:13     | Found a gate to the Vaults.
 25257 | D:14     | Found Efyguv's General Store.
 25267 | D:14     | Noticed Rupert
 25307 | D:14     | Killed Rupert
 25307 | D:14     | Reached skill level 15 in Armour
 25307 | D:14     | Reached skill level 15 in Shields
 25319 | D:14     | Found Hoaf's Assorted Antiques.
 25342 | D:14     | Noticed Kirke
 25366 | D:14     | Killed Kirke
 25392 | D:14     | Reached XP level 16. HP: 139/147 MP: 23/23
 25412 | D:14     | Found Ruyscheida's General Store.
 25652 | D:14     | Got a fine ring mail
 26035 | D:14     | Reached skill level 1 in Necromancy
 26066 | D:14     | Received a gift from Okawaru
 26075 | D:14     | Reached skill level 5 in Conjurations
 26377 | D:14     | Got a polished morningstar
 26383 | D:14     | Got an ivory long sword
 26422 | D:14     | Found Lutit's Distillery.
 26454 | D:14     | Bought a potion of curing for 42 gold pieces
 26518 | D:14     | Noticed Urug
 26541 | D:14     | Killed Urug
 27011 | D:15     | Entered Level 15 of the Dungeon
 27027 | D:15     | Noticed Television's ghost (novice FoAr)
 27049 | D:15     | Killed Television's ghost
 27554 | D:15     | Found a staircase to the Depths.
 27792 | D:15     | Found a sacrificial altar of Ru.
 28384 | Swamp:1  | Entered Level 1 of the Swamp
 28726 | Swamp:1  | Received a gift from Okawaru
 28883 | Swamp:1  | Noticed Roxanne
 28945 | Swamp:1  | Killed Roxanne
 28946 | Swamp:1  | Identified Roxanne's Almanac of the Rocks (You took it off Roxanne on level 1 of the Swamp)
 29709 | Swamp:2  | Reached skill level 16 in Armour
 29889 | Swamp:2  | Noticed a thorn hunter
 29906 | Swamp:2  | Killed a thorn hunter
 30252 | Swamp:2  | Reached XP level 17. HP: 139/154 MP: 26/26
 30568 | Swamp:2  | Reached skill level 5 in Necromancy
 30781 | Swamp:3  | Received a gift from Okawaru
 31566 | Swamp:3  | Got a faintly glowing whip
 31672 | Swamp:4  | Entered Level 4 of the Swamp
 32208 | Swamp:4  | Identified 2 scrolls of acquirement
 32273 | Swamp:4  | Noticed Louise
 32329 | Swamp:4  | Killed Louise
 32409 | Swamp:4  | Received a gift from Okawaru
 32482 | Swamp:4  | Noticed the 27-headed Lernaean hydra
 32508 | Swamp:4  | Got a decaying rune of Zot
 33020 | Lair:1   | Identified the +8 ring mail of Negligence {rF+ Int-3 SInv} (You found it on level 14 of the Dungeon)
 33106 | Snake:1  | Entered Level 1 of the Snake Pit
 33393 | Snake:1  | Noticed Azrael
 33428 | Snake:1  | Killed Azrael
 33583 | Snake:1  | Found a hide-covered altar of Uskayaw.
 34239 | Snake:2  | Received a gift from Okawaru
 34643 | Snake:2  | Noticed Donald
 34664 | Snake:2  | Killed Donald
 34951 | Snake:2  | Noticed Asterion
 34988 | Snake:2  | Killed Asterion
 34988 | Snake:2  | Reached XP level 18. HP: 118/161 MP: 23/29
 35161 | Snake:2  | Noticed Aizul
 35186 | Snake:2  | Killed Aizul
 35594 | Snake:2  | Found Omnussag's Antique Weapon Boutique.
 35912 | Snake:3  | Noticed Vashnia
 37237 | Snake:3  | Killed Vashnia
 37237 | Snake:3  | Received a gift from Okawaru
 37237 | Snake:3  | Reached skill level 17 in Armour
 37241 | Snake:3  | Got a bloodstained long sword {god gift}
 37387 | Snake:3  | Noticed Agnes
 37401 | Snake:3  | Reached skill level 10 in Fire Magic
 37405 | Snake:3  | Killed Agnes
 37751 | Snake:3  | Received a gift from Okawaru
 37982 | Snake:3  | Identified the +3 long sword of Gefat {holy, rF- Str-2 Dex+8 SInv} (Okawaru gifted it to you on level 3 of the Snake Pit)
 38410 | Snake:4  | Entered Level 4 of the Snake Pit
 39593 | Snake:4  | Reached skill level 10 in Conjurations
 39612 | Snake:4  | Received a gift from Okawaru
 40307 | Snake:4  | Reached XP level 19. HP: 168/168 MP: 31/31
 41184 | Snake:4  | Noticed Nikola
 41196 | Snake:4  | Killed from afar by Nikola

Vault maps used:
D:1:      minmay_arrival_solitary_statue
D:3:      nicolae_gozag_seed_capital, minmay_fountain_box, uniq_robin
D:4:      evilmike_ruin_ashenzari, elyvilon_altar_4, first_bread,
          nzn_random_ring, uniq_blork_the_orc, uniq_grinder
D:5:      lemuel_doored_altar, serial_shops, shop, grunt_ministairs_14
D:6:      grunt_qazlal_clouds, minmay_strange_pillars, uniq_crazy_yiuf_cottage
D:7:      led_sif_book, kennysheep_mini_moat,
          minmay_temple_entry_enclosed_plants, uniq_duvessa
D:8:      hangedman_ranch, kennysheep_generic_room_4
D:9:      grunt_temple_overflow_order_and_chaos_1,
          minmay_guarded_unrand_variability
D:10:     dpeg_lair_monsters, special_room, nicolae_for_you_no_charge
D:11:     orc_0_dummy
D:12:     serial_ice, serial_ice_j, serial_ice_o, serial_ice_g, serial_ice_f,
          portal_ice_cave_entry_ice_beasts, fedhas_altar_2
D:13:     david_vaults_4, kennysheep_generic_room_9, uniq_frances
D:14:     serial_co_window_serial, co_window_of_opportunity_a,
          co_window_corner_a, co_window_paths_b, co_window_corner_a,
          co_window_paths_a, co_window_of_opportunity_b, co_window_paths_c,
          co_window_broadway_c, co_window_paths_d, glass_columns_c,
          glass_columns_c, glass_columns_a, minmay_crystal_water, serial_shops,
          kennysheep_mini, shop, shop, shop_statue, kennysheep_two_boxes,
          uniq_kirke, uniq_rupert, uniq_urug
D:15:     grunt_enter_depths_magical_seal, nicolae_ru_path_of_blood,
          spider_trap, hangedman_decor_riveting, minmay_misc_feat_tiny,
          minmay_joined_circles
Temple:   cyrus_circular_temple
Lair:1:   basic_altar, lemuel_old_faithful, serial_bayou_shore_a
Lair:3:   dummy_snake_entry
Lair:4:   minmay_swamp_entry_wisps, lab_entry_generic, beast_lair_carwin_6,
          infiniplex_staircase_pool_2
Lair:5:   slime_altar_1, uniq_josephine
Lair:6:   evil_forest, nicolae_lair_grove_arrangements, worms_lemuel
Swamp:1:  evilmike_swamp_ruin_house_2, uniq_roxanne
Swamp:2:  evilmike_swamp_ruin_rubble_1
Swamp:3:  serial_swamp_ruin, evilmike_swamp_ruin_rubble_2,
          evilmike_swamp_ruin_house_3, evilmike_swamp_ruin_wall
Swamp:4:  swamp_old_school, uniq_louise
Snake:1:  basic_altar, uniq_azrael
Snake:2:  nicolae_snake_hallway, serial_shops, shop, uniq_aizul, uniq_asterion,
          uniq_donald
Snake:3:  library_closet, uniq_vashnia, uniq_agnes
Snake:4:  minmay_snake_end_coiled, uniq_nikola
Orc:1:    serial_shops, shop
Orc:2:    grunt_orc_community_town_hall, grunt_orc_community_big_house_1,
          grunt_orc_community_big_house_1, grunt_orc_community_house_3,
          grunt_orc_community_house_2, grunt_orc_community_house_1,
          grunt_orc_community_house_2, grunt_orc_community_house_2
Lab:      nicolae_lab_dead_adventurers, nicolae_lab_checkerboard,
          nicolae_lab_lava, nicolae_lab_hexagon, nicolae_lab_plus,
          labyrinth_skeletal_remains
IceCv:    ice_cave_small_dragons

Skill      XL: |  1  2  3  4  5  6  7  8  9 10 11 12 13 14 15 16 17 18 19 |
---------------+----------------------------------------------------------+-----
Fighting       | 4 5 6 7 8 9 11 12 13 14 | 14.4
Axes           | 3 5 7 9 11 12 13 14 | 14.0
Shields        | 4 6 8 9 11 13 15 | 15.3
Armour         | 4 6 8 9 11 13 15 16 17 | 17.5
Invocations    | 4 7 9 |  9.0
Spellcasting   | 2 4 5 6 7 8 9 |  9.0
Conjurations   | 3 4 6 8 10 | 10.3
Fire Magic     | 3 5 7 9 10 11 | 11.0
Necromancy     | 4 7 9 |  9.4

Action                   |  1- 3 |  4- 6 |  7- 9 | 10-12 | 13-15 | 16-18 | 19-21 || total
-------------------------+-------+-------+-------+-------+-------+-------+-------++-------
Melee: War axe           |   137 |   199 |   358 |   701 |       |       |       ||  1395
       Hand axe          |       |       |       |   316 |  1945 |  2551 |   209 ||  5021
       Broad axe         |       |       |       |       |       |    67 |       ||    67
Invok: Heroism           |       |       |       |     3 |     4 |     6 |     2 ||    15
       Finesse           |       |       |       |       |     3 |     3 |     2 ||     8
  Use: Potion            |       |     1 |       |       |     3 |       |     1 ||     5
       Scroll            |       |       |       |       |    21 |    11 |       ||    32
  Eat: Chunk             |     1 |     5 |    12 |    19 |    42 |    36 |       ||   115
       Fruit             |       |       |       |     1 |     5 |    17 |     3 ||    26
Armor: Scale mail        |    75 |    97 |     4 |       |       |       |       ||   176
       Plate armour      |       |       |   152 |       |       |       |       ||   152
       Crystal plate arm |       |       |   101 |   601 |   667 |   963 |    90 ||  2422
Dodge: Dodged            |    57 |    58 |    28 |    58 |   130 |   199 |    18 ||   548
Block: Shield            |    79 |    96 |   159 |   439 |  1118 |  1811 |   187 ||  3889
       Reflection        |       |       |       |       |    31 |   165 |    31 ||   227
